 Dungeon Crawl Stone Soup version 0.23.0 (webtiles) character file.

Game seed: 9597755966744028255

809 misha the Shield-Bearer (level 7, -5/67 HPs)
             Began as a Troll Fighter on Feb 17, 2019.
             Was an Initiate of Nemelex Xobeh.
             Slain by an ice beast (12 damage)
             ... on level 5 of the Dungeon.
             The game lasted 00:53:05 (7071 turns).

misha the Shield-Bearer (Troll Fighter)             Turns: 7071, Time: 00:53:05

Health: -5/67      AC:  6    Str: 27    XL:     7   Next: 61%
Magic:  0/6        EV:  9    Int:  4    God:    Nemelex Xobeh [......]
Gold:   213        SH:  9    Dex:  9    Spells: 6/6 levels left

rFire    . . .     SeeInvis .   a - +0 hunting sling
rCold    . . .     Gourm    +   B - +0 shield
rNeg     . . .     Faith    .   n - +0 robe
rPois    .         Spirit   +   (helmet restricted)
rElec    .         Reflect  .   z - scarf {Spirit}
rCorr    .         Harm     .   (gloves unavailable)
MR       .....                  (boots unavailable)
Stlth    +.........             (no amulet)
HPRegen  0.61/turn              (no ring)
MPRegen  0.10/turn              (no ring)

@: starving
A: large, unfitting armour, claws 3, fast metabolism 3, gourmand, regeneration
1, shaggy fur 1, tough skin 3
a: Draw Escape, Draw Destruction, Draw Summoning, Renounce Religion


You were on level 5 of the Dungeon.
You worshipped Nemelex Xobeh.
Nemelex Xobeh was noncommittal.
You were starving.

You visited 2 branches of the dungeon, and saw 6 of its levels.

You collected 213 gold pieces.

Inventory:

Hand Weapons
 a - a +0 hunting sling (weapon)
 b - a +0 short sword
 d - a +0 dagger
 h - a +0 hand axe
 k - a +0 club
 m - a +0 spear
 q - a +0 dagger
 r - a +0 falchion
 w - a +0 club
 x - a +0 club
 C - a +0 whip
 D - a +0 club
 F - a +0 club
 J - a +3 flail
 O - a +0 club
 Q - a +0 blowgun
 T - a +0 club
 V - a +0 spear
 X - a +0 club
Missiles
 f - 170 stones (quivered)
 i - 4 needles of sleeping
 u - 4 tomahawks
 v - 20 arrows
 E - 49 sling bullets
 M - 20 bolts
 R - 50 poisoned needles
Armour
 g - a +0 chain mail
 n - a +0 robe (worn)
 p - a +0 chain mail
 z - a scarf of spirit shield (worn)
 B - a +0 shield (worn)
Jewellery
 t - an uncursed amulet of magic regeneration {unknown}
 y - an uncursed amulet of regeneration {unknown}
Wands
 H - a wand of polymorph (2)
Scrolls
 j - a scroll of blinking
 l - a scroll of fear
 A - a scroll of immolation
 G - 3 scrolls of teleportation
 P - a scroll of enchant weapon
 S - 4 scrolls of remove curse
Potions
 c - a potion of might
 e - 2 potions of curing
 s - a potion of berserk rage
 I - 4 potions of degeneration
 K - 2 potions of agility
 L - a potion of resistance
 N - 3 potions of lignification {unknown}
 U - a potion of heal wounds {unknown}
 W - a potion of magic {unknown}
 Y - a potion of ambrosia
 Z - 3 potions of haste {unknown}
Comestibles
 o - 2 rations


   Skills:
 - Level 3.0 Fighting
 + Level 2.7 Short Blades
 - Level 0.3(0.7) Slings
 * Level 1.4(1.5) Throwing
 * Level 1.9 Armour
 + Level 3.7 Dodging
 + Level 1.2 Stealth
 * Level 3.9 Shields
 + Level 3.7 Unarmed Combat


You had 6 spell levels left.
You didn't know any spells.
Your spell library contained the following spells:

 Spells                   Type           Power        Failure   Level  Hunger
 Magic Dart               Conj           #...         86%         1    ##.....
 Searing Ray              Conj           #.....       94%         2    ###....
 Dazzling Spray           Conj/Hex       #.....       99%         3    ####...
 Force Lance              Conj/Tloc      #.......     100%        4    #####..
 Fulminant Prism          Conj/Hex       #.........   100%        4    #####..
 Iskenderun's Mystic Bla  Conj           #.......     100%        4    #####..


Dungeon Overview and Level Annotations

Branches:
Dungeon (5/15)             Temple (1/1) D:5

Altars:
Ashenzari
Cheibriados
Dithmenos
Elyvilon
Fedhas
Gozag
Hepliaklqana
Kikubaaqudgha
Makhleb
Nemelex Xobeh
Okawaru
Ru
Sif Muna
Trog
Uskayaw
Vehumet
Wu Jian
Yredelemnul
Zin
The Shining One


Innate Abilities, Weirdness & Mutations

You are too large for most types of armour.
You have claws for hands.
Your metabolism is lightning-fast.
You like to eat raw meat.
Your natural rate of healing is unusually fast.
You are covered in fur. (AC +1)
You have extremely tough skin. (AC +3)


Message History

Aim: an ice beast (almost dead)
You shoot a stone. The stone closely misses the ice beast.
The ice beast hits you. The ice beast freezes you!
Firing (i - inventory. (/) - cycle)
f - 172 stones (quivered)
Press: ? - help, Shift-Dir - straight line, f/p - ice beast
Aim: an ice beast (almost dead)
You shoot a stone. The stone barely misses the ice beast.
The ice beast hits you.
* * * LOW HITPOINT WARNING * * *
The ice beast freezes you!
* * * LOW HITPOINT WARNING * * *
Firing (i - inventory. (/) - cycle)
f - 171 stones (quivered)
Press: ? - help, Shift-Dir - straight line, f/p - ice beast
Aim: an ice beast (almost dead)
You shoot a stone. The stone barely misses the ice beast.
The ice beast hits you.
* * * LOW HITPOINT WARNING * * *
The ice beast freezes you!
You die...
Your body disappears without a glow.

........##.############
........##.# ##########
.........#.# #........#
##.#..)#.#.# #........#
##.#...#.#.# #........#
...#...#...# #........#
#..#...##..# #........#
...#...##..# #........#
#.##...###.# #..@...[.#
#.##...###.# #..Y.....#
#.####....>###........#
#....#......##........#
####.#......##........#
..<..#......##........#
.....#......##........#
.....#.#'##.##..(.....#
.....#.#..#.###...##########


You could see an ice beast.

Vanquished Creatures
  Grinder (D:3)
  An ice beast (D:5)
  A phantom (D:5)
  A crimson imp (D:5)
  A hound (D:5)
  3 worker ants
  2 orc wizards
  A worker ant zombie (D:3)
  7 gnolls
  5 adders
  4 oozes
  An adder skeleton (D:5)
  5 worms
  A dart slug (D:2)
  4 leopard geckos
  4 orcs
  6 bats
  4 giant cockroaches
  2 gnoll zombies (D:3)
  7 goblins
  7 hobgoblins
  6 jackals
  A quokka (D:2)
  A ball python (D:2)
  5 frilled lizards
  8 kobolds
  25 rats
114 creatures vanquished.

Vanquished Creatures (others)
  An orc wizard (D:4)
1 creature vanquished.

Grand Total: 115 creatures vanquished

Notes
Turn   | Place    | Note
-------+----------+-------------------------------------------
     0 | D:1      | misha the Troll Fighter began the quest for the Orb.
     0 | D:1      | Reached XP level 1. HP: 22/22 MP: 0/0
   145 | D:1      | Reached XP level 2. HP: 29/29 MP: 1/1
   380 | D:1      | You fall through a shaft!
   624 | D:1      | Reached XP level 3. HP: 36/36 MP: 2/2
  1878 | D:2      | Reached XP level 4. HP: 44/44 MP: 3/3
  2380 | D:2      | Found a sacrificial altar of Ru.
  2588 | D:2      | Paralysed by fainting for 8 turns
  2649 | D:3      | Noticed Grinder
  2655 | D:3      | Paralysed by Grinder for 3 turns
  2670 | D:3      | Killed Grinder
  2670 | D:3      | Reached XP level 5. HP: 42/53 MP: 4/4
  2670 | D:3      | Reached XP level 6. HP: 49/61 MP: 5/5
  2947 | D:3      | Found a glowing silver altar of Zin.
  3042 | D:3      | Found a shattered altar of Ashenzari.
  3616 | D:3      | Found a basalt altar of Yredelemnul.
  3733 | D:3      | Found a blossoming altar of Fedhas.
  3935 | D:4      | Found a deep blue altar of Sif Muna.
  4456 | D:4      | Reached skill level 1 in Armour
  4959 | D:4      | Found a radiant altar of Vehumet.
  5097 | D:4      | Reached XP level 7. HP: 67/67 MP: 6/6
  5482 | D:5      | Entered Level 5 of the Dungeon
  5543 | D:5      | Reached skill level 1 in Stealth
  6014 | D:5      | Found a staircase to the Ecumenical Temple.
  6054 | D:5      | Reached skill level 1 in Throwing
  6540 | Temple   | Entered the Ecumenical Temple
  6747 | Temple   | Paralysed by fainting for 11 turns
  6762 | Temple   | Became a worshipper of Nemelex Xobeh the Trickster
  6790 | Temple   | Paralysed by fainting for 10 turns
  7071 | D:5      | Slain by an ice beast

Skill      XL: |  1  2  3  4  5  6  7 |
---------------+----------------------+-----
Unarmed Combat | 3 |  3.7
Dodging        | 3 |  3.7
Fighting       | 3 |  3.0
Short Blades   | 2 |  2.7
Shields        | 3 |  3.9
Armour         | 1 |  1.9
Stealth        | 1 |  1.2
Throwing       | 1 |  1.4
Slings         | |  0.3

Action                   |  1- 3 |  4- 6 |  7- 9 || total
-------------------------+-------+-------+-------++-------
Melee: Unarmed           |    82 |     6 |     1 ||    89
       Short sword       |    26 |   272 |   124 ||   422
 Fire: Hunting sling     |     6 |    83 |    77 ||   166
Throw: Stone             |       |    16 |     5 ||    21
  Use: Scroll            |     7 |     3 |     6 ||    16
  Eat: Chunk             |     6 |    14 |     3 ||    23
       Ration            |     3 |     6 |     2 ||    11
Armor: Robe              |    43 |    69 |    61 ||   173
       Skin              |       |     2 |       ||     2
Dodge: Dodged            |    28 |    78 |    76 ||   182
Block: Shield            |    34 |   115 |    92 ||   241
